[ AOE2 MATCH · #474867339 ]
UnrankedArmenians vs Armenians
Player's team · LOSS
[ REPLAY ANALYSIS · EXTRACTED FROM THE RECORDED GAME ]
Feudal
8:13
Castle
19:42
Imperial
30:36
| APM avg | 58.5 |
| APM peak | 94 |
| eAPM avg | 32.8 |
| Villagers / military | 447 / 484 |
Focus
⚔️ 49.5% · 🌾 50.5%
Composite Bowman ×179 · Skirmisher ×127 · Galley ×124 · Fire Galley ×39 · Unknown (1795) ×18 · Monk ×10
Feudal
8:15
Castle
19:37
Imperial
33:02
| APM avg | 60.0 |
| APM peak | 116 |
| eAPM avg | 36.5 |
| Villagers / military | 237 / 907 |
Focus
⚔️ 53.2% · 🌾 46.8%
Skirmisher ×253 · Galley ×196 · Militia ×194 · Scout Cavalry ×140 · Battering Ram ×51 · Unknown (2626) ×28
Match map
Initial resources + every placement click. Lines = walls · curves = elevation contours. ◆ gold · ⬟ stone · ● berries · ✦ relic · ◌ wall gap
Inputs per minute
— Mihriban - - Alihandro
Build order — Mihriban
First 150 of 578 actions detected
| 0:00 | Queue | Villager (Male) |
| 0:02 | Research | Loom |
| 0:05 | Build | House |
| 0:14 | Queue | Villager (Male) |
| 0:25 | Build | House |
| 0:32 | Queue | Villager (Male) |
| 0:49 | Queue | Villager (Male) ×2 |
| 1:21 | Build | Mule Cart |
| 1:25 | Build | Mule Cart |
| 1:31 | Queue | Villager (Male) |
| 1:50 | Queue | Villager (Male) |
| 2:40 | Build | House |
| 2:49 | Queue | Villager (Male) |
| 3:02 | Queue | Villager (Male) |
| 3:28 | Queue | Villager (Male) |
| 3:51 | Queue | Villager (Male) |
| 4:11 | Queue | Villager (Male) |
| 4:18 | Build | Dock |
| 4:49 | Build | House |
| 4:52 | Queue | Villager (Male) |
| 4:55 | Queue | Fishing Ship |
| 5:21 | Queue | Villager (Male) |
| 5:49 | Queue | Fishing Ship |
| 6:03 | Research | Feudal Age |
| 6:57 | Build | Dock |
| 7:34 | Build | House |
| 7:48 | Build | Palisade Wall |
| 8:05 | Queue | Villager (Male) |
| 8:13 | Age | Feudal Age |
| 8:15 | Queue | Galley |
| 8:15 | Queue | Galley |
| 8:18 | Research | Double-Bit Axe |
| 8:19 | Queue | Villager (Male) |
| 8:36 | Queue | Unit 2626 |
| 8:42 | Queue | Villager (Male) |
| 8:50 | Queue | Unit 2626 |
| 8:58 | Build | House |
| 9:15 | Queue | Galley |
| 9:17 | Queue | Villager (Male) |
| 9:36 | Queue | Fire Galley |
| 9:43 | Queue | Galley |
| 9:51 | Queue | Villager (Male) |
| 9:52 | Queue | Galley |
| 9:56 | Build | House |
| 10:08 | Queue | Galley |
| 10:17 | Queue | Villager (Male) |
| 10:28 | Queue | Galley |
| 10:33 | Build | House |
| 10:58 | Queue | Galley |
| 11:02 | Queue | Villager (Male) |
| 11:13 | Build | Blacksmith |
| 11:16 | Queue | Villager (Male) |
| 11:27 | Queue | Galley |
| 11:40 | Queue | Villager (Male) |
| 11:43 | Research | Fletching |
| 11:55 | Build | House |
| 12:11 | Queue | Villager (Male) |
| 12:13 | Build | Mill |
| 12:27 | Build | House |
| 12:38 | Research | Horse Collar |
| 12:40 | Research | Town Watch |
| 12:43 | Build | House |
| 13:01 | Build | Farm |
| 13:04 | Queue | Villager (Male) |
| 13:08 | Build | Farm |
| 13:27 | Build | Farm |
| 13:29 | Queue | Villager (Male) |
| 13:41 | Build | Farm |
| 13:42 | Queue | Villager (Male) |
| 13:56 | Build | Farm |
| 14:02 | Queue | Villager (Male) ×5 |
| 14:20 | Queue | Villager (Male) |
| 14:25 | Build | Farm |
| 14:26 | Build | Farm |
| 14:28 | Build | Farm |
| 14:38 | Build | Farm |
| 14:39 | Queue | Villager (Male) |
| 14:56 | Build | Mule Cart |
| 15:01 | Build | Farm |
| 15:32 | Build | Market |
| 15:36 | Queue | Villager (Male) |
| 15:45 | Build | Farm |
| 15:47 | Build | Farm |
| 16:06 | Queue | Villager (Male) |
| 16:28 | Queue | Villager (Male) ×5 |
| 17:02 | Research | Castle Age |
| 18:42 | Build | House |
| 18:43 | Build | House |
| 19:07 | Queue | Villager (Male) |
| 19:10 | Research | Gold Mining |
| 19:12 | Research | Stone Mining |
| 19:31 | Build | House |
| 19:32 | Build | House |
| 19:32 | Build | House |
| 19:42 | Age | Castle Age |
| 19:44 | Build | Monastery |
| 19:47 | Build | Town Center |
| 19:49 | Build | Monastery |
| 19:50 | Research | Bow Saw |
| 19:53 | Build | Town Center |
| 20:00 | Build | Town Center |
| 20:13 | Queue | Monk |
| 20:21 | Queue | Villager (Male) ×5 |
| 20:36 | Build | Farm |
| 20:39 | Queue | Monk |
| 20:42 | Queue | Villager (Male) ×5 |
| 20:43 | Queue | Monk |
| 20:52 | Build | Farm |
| 20:57 | Research | Wheelbarrow |
| 21:00 | Build | Mule Cart |
| 21:01 | Queue | Villager (Male) |
| 21:02 | Queue | Villager (Male) |
| 21:02 | Queue | Villager (Male) |
| 21:15 | Queue | Villager (Male) ×3 |
| 21:19 | Queue | Monk |
| 21:26 | Build | Palisade Wall |
| 21:29 | Build | Palisade Wall |
| 21:31 | Build | Palisade Wall |
| 21:32 | Build | Palisade Wall |
| 21:33 | Build | Palisade Wall |
| 21:44 | Queue | Villager (Male) ×2 |
| 21:50 | Build | Farm |
| 21:52 | Build | Farm |
| 21:53 | Build | Farm |
| 21:54 | Build | Farm |
| 22:04 | Research | Atonement |
| 22:05 | Queue | Monk |
| 22:07 | Queue | Villager (Male) ×2 |
| 22:10 | Build | Farm |
| 22:11 | Build | Farm |
| 22:11 | Build | Farm |
| 22:14 | Build | Farm |
| 22:15 | Build | Farm |
| 22:28 | Queue | Monk |
| 22:36 | Queue | Villager (Male) |
| 22:56 | Queue | Monk ×2 |
| 23:17 | Research | Redemption |
| 23:25 | Research | Fervor |
| 23:29 | Queue | Villager (Male) ×5 |
| 23:45 | Queue | Villager (Male) ×4 |
| 23:57 | Queue | Villager (Male) |
| 24:01 | Build | Farm |
| 24:01 | Build | Farm |
| 24:03 | Build | Farm |
| 24:28 | Queue | Monk |
| 24:32 | Queue | Villager (Male) ×4 |
| 24:40 | Queue | Villager (Male) ×2 |
| 24:43 | Build | Farm |
| 24:43 | Build | Farm |
| 25:10 | Queue | Villager (Male) ×4 |
Build order — Alihandro
First 150 of 1058 actions detected
| 0:00 | Queue | Villager (Male) |
| 0:00 | Queue | Villager (Male) |
| 0:02 | Build | House |
| 0:02 | Build | House |
| 0:04 | Research | Loom |
| 0:06 | Build | House |
| 0:06 | Queue | Villager (Male) |
| 0:06 | Queue | Villager (Male) |
| 0:09 | Queue | Villager (Male) |
| 0:12 | Queue | Villager (Male) |
| 0:51 | Queue | Villager (Male) |
| 0:52 | Build | Mule Cart |
| 0:54 | Queue | Villager (Male) |
| 1:07 | Queue | Villager (Male) |
| 1:08 | Queue | Villager (Male) |
| 1:40 | Build | House |
| 1:50 | Queue | Villager (Male) |
| 2:29 | Queue | Villager (Male) |
| 2:44 | Build | Dock |
| 2:57 | Queue | Villager (Male) |
| 3:19 | Queue | Villager (Male) |
| 3:26 | Queue | Fishing Ship |
| 3:26 | Queue | Fishing Ship |
| 3:42 | Queue | Villager (Male) |
| 4:10 | Queue | Fishing Ship |
| 4:10 | Queue | Fishing Ship |
| 4:21 | Queue | Villager (Male) |
| 4:22 | Queue | Villager (Male) |
| 4:36 | Queue | Villager (Male) |
| 4:36 | Queue | Villager (Male) |
| 4:51 | Queue | Villager (Male) |
| 5:06 | Queue | Fishing Ship |
| 5:26 | Queue | Villager (Male) |
| 6:05 | Research | Feudal Age |
| 6:05 | Research | Feudal Age |
| 6:28 | Build | Mule Cart |
| 6:46 | Build | Mule Cart |
| 6:50 | Build | House |
| 7:07 | Queue | Villager (Male) |
| 7:23 | Build | Dock |
| 8:15 | Age | Feudal Age |
| 8:18 | Queue | Galley |
| 8:18 | Queue | Galley |
| 8:21 | Build | Dock |
| 8:22 | Queue | Villager (Male) |
| 8:32 | Research | Double-Bit Axe |
| 8:52 | Queue | Villager (Male) |
| 8:54 | Queue | Galley |
| 8:59 | Queue | Galley |
| 9:00 | Queue | Galley |
| 9:20 | Queue | Villager (Male) |
| 9:21 | Queue | Villager (Male) |
| 9:21 | Queue | Galley |
| 9:25 | Build | House |
| 9:41 | Queue | Galley |
| 9:50 | Queue | Villager (Male) |
| 9:54 | Queue | Villager (Male) |
| 10:03 | Build | House |
| 10:09 | Queue | Galley |
| 10:10 | Queue | Galley |
| 10:21 | Queue | Villager (Male) |
| 10:31 | Queue | Villager (Male) |
| 10:58 | Build | Blacksmith |
| 11:02 | Queue | Villager (Male) |
| 11:05 | Queue | Galley |
| 11:10 | Queue | Villager (Male) |
| 11:22 | Queue | Galley |
| 11:26 | Queue | Villager (Male) |
| 11:43 | Research | Fletching |
| 11:51 | Build | House |
| 11:52 | Build | House |
| 11:55 | Queue | Galley |
| 12:07 | Queue | Fishing Ship |
| 12:14 | Research | Town Watch |
| 12:23 | Queue | Galley |
| 12:33 | Queue | Villager (Male) |
| 12:35 | Queue | Villager (Male) |
| 12:38 | Build | Mule Cart |
| 12:52 | Queue | Fishing Ship |
| 12:58 | Queue | Villager (Male) |
| 13:06 | Build | Mill |
| 13:07 | Queue | Villager (Male) |
| 13:34 | Queue | Unit 2626 ×2 |
| 13:41 | Queue | Villager (Male) |
| 13:54 | Queue | Fire Galley |
| 13:54 | Queue | Fire Galley |
| 14:18 | Queue | Villager (Male) |
| 14:24 | Build | Market |
| 14:31 | Queue | Villager (Male) |
| 14:40 | Queue | Fire Galley |
| 14:49 | Build | House |
| 14:49 | Build | House |
| 15:08 | Queue | Fire Galley |
| 15:34 | Queue | Villager (Male) |
| 15:40 | Build | House |
| 15:50 | Queue | Fire Galley |
| 15:50 | Queue | Fire Galley |
| 16:01 | Queue | Galley |
| 16:02 | Queue | Villager (Male) |
| 16:18 | Build | House |
| 16:24 | Queue | Fire Galley |
| 16:57 | Research | Castle Age |
| 17:08 | Queue | Fire Galley |
| 17:17 | Queue | Fire Galley |
| 17:43 | Queue | Fishing Ship ×2 |
| 18:10 | Queue | Villager (Male) |
| 18:25 | Queue | Fishing Ship ×4 |
| 18:32 | Research | Gold Mining |
| 18:57 | Build | House |
| 19:10 | Build | House |
| 19:11 | Build | Dock |
| 19:29 | Queue | Villager (Male) |
| 19:37 | Age | Castle Age |
| 19:41 | Research | War Galley (upgrade) |
| 19:41 | Research | War Galley (upgrade) |
| 19:42 | Research | Bodkin Arrow |
| 19:42 | Research | Bow Saw |
| 19:42 | Research | Bow Saw |
| 19:43 | Queue | Villager (Male) |
| 19:48 | Build | Monastery |
| 19:52 | Queue | Villager (Male) |
| 20:06 | Build | Town Center |
| 20:27 | Build | Palisade Wall |
| 20:29 | Build | Palisade Wall |
| 20:30 | Build | Palisade Wall |
| 20:43 | Queue | Villager (Male) |
| 21:01 | Build | Town Center |
| 21:03 | Queue | Villager (Male) |
| 21:13 | Queue | Monk |
| 21:31 | Build | Siege Workshop |
| 21:37 | Queue | Villager (Male) |
| 21:38 | Queue | Villager (Male) |
| 21:40 | Build | Monastery |
| 21:45 | Research | Stone Mining |
| 21:47 | Research | Horse Collar |
| 21:47 | Queue | Villager (Male) |
| 21:47 | Queue | Villager (Male) |
| 22:12 | Queue | Villager (Male) |
| 22:12 | Queue | Villager (Male) |
| 22:14 | Build | Farm |
| 22:15 | Build | Farm |
| 22:18 | Queue | Mangonel |
| 22:29 | Queue | Villager (Male) |
| 22:29 | Queue | Villager (Male) |
| 22:34 | Build | Farm |
| 22:36 | Build | Farm |
| 22:44 | Queue | Mangonel |
| 22:45 | Queue | Villager (Male) |
| 22:45 | Queue | Villager (Male) |
| 22:51 | Build | House |
Match timeline
| 2:44 | Alihandro · first_building Dock |
| 4:18 | Mihriban · first_building Dock |
| 7:48 | Mihriban · wall_segment Palisade Wall x1 |
| 8:13 | Mihriban · age_up feudal |
| 8:15 | Alihandro · age_up feudal |
| 16:53 | Alihandro · first_market_buy 100 food |
| 16:53 | Alihandro · first_market_sell 100 wood |
| 19:37 | Alihandro · age_up castle |
| 19:42 | Mihriban · age_up castle |
| 19:44 | Mihriban · first_building Monastery |
| 19:48 | Alihandro · first_building Monastery |
| 20:27 | Alihandro · wall_segment Palisade Wall x1 |
| 20:29 | Alihandro · wall_segment Palisade Wall x1 |
| 20:30 | Alihandro · wall_segment Palisade Wall x1 |
| 21:26 | Mihriban · wall_segment Palisade Wall x1 |
| 21:29 | Mihriban · wall_segment Palisade Wall x1 |
| 21:31 | Mihriban · wall_segment Palisade Wall x1 |
| 21:31 | Alihandro · first_building Siege Workshop |
| 21:32 | Mihriban · wall_segment Palisade Wall x1 |
| 21:33 | Mihriban · wall_segment Palisade Wall x1 |
| 23:18 | Mihriban · first_market_sell 100 wood |
| 26:22 | Mihriban · first_market_buy 100 stone |
| 26:29 | Mihriban · first_building Castle |
| 26:52 | Alihandro · wall_segment Stone Wall x7 |
| 29:50 | Alihandro · first_building Castle |
| 30:36 | Mihriban · age_up imperial |
| 32:07 | Alihandro · first_building Barracks |
| 33:02 | Alihandro · age_up imperial |
| 35:24 | Alihandro · first_building Stable |
| 37:00 | Alihandro · first_building Archery Range |
| 42:09 | Mihriban · wall_segment Palisade Wall x1 |
| 42:09 | Mihriban · wall_segment Palisade Wall x1 |
| 48:56 | Mihriban · first_building Barracks |
| 49:44 | Mihriban · first_building Archery Range |
| 50:49 | Mihriban · first_building Siege Workshop |
| 57:44 | Mihriban · wall_segment Stone Wall x5 |
| 73:11 | Mihriban · resign |
[ AI ANALYSIS · 1 CREDIT ]
What really happened in this match?
Wolo.gg analyzes every decision: build order, eco, micro, common mistakes by bracket. Personalized analysis on WhatsApp or Discord in 30 seconds.
Civ guide
Armenians
Perfil
Jugador #18362354